 Dungeon Crawl Stone Soup version 0.29.1-2-gbd0b4ee654 (webtiles) character file.

Game seed: 14496572582792071929

332 Anriel the Covered (level 6, -2/72 HPs)
             Began as a Human Fighter on Oct 26, 2022.
             Slain by a mummy (9 damage)
             ... in an ossuary.
             The game lasted 00:17:00 (3781 turns).

Anriel the Covered (Human Fighter)                  Turns: 3781, Time: 00:17:01

Health: -2/72      AC: 10    Str: 24      XL:     6   Next: 82%
Magic:  6/6        EV:  8    Int:  7 (8)  God:
Gold:   229        SH:  5    Dex: 13      Spells: 5/5 levels left

rFire   . . .      SeeInvis +   a - +0 long sword
rCold   . . .      Faith    .   c - +0 buckler
rNeg    . . .      Spirit   .   e - +0 chain mail
rPois   .          Reflect  .   (no helmet)
rElec   .          Harm     .   (no cloak)
rCorr   .          Rampage  .   (no gloves)
Will    .....                   v - +0 pair of boots
Stlth   ..........              (no amulet)
HPRegen 0.22/turn               o - ring of see invisible
MPRegen 0.10/turn               r - +6 ring of strength

@: berserking, very quick
A: no striking features
a: no special abilities


You were in an ossuary.
You visited 1 branch of the dungeon, and saw 4 of its levels.
You also visited: Ossuary.

You collected 229 gold pieces.

Inventory:

Hand Weapons
 a - a +0 long sword (weapon)
Missiles
 g - a boomerang (quivered)
Armour
 c - a +0 buckler (worn)
 e - a +0 chain mail (worn)
 v - a +0 pair of boots (worn)
 w - the +1 robe "Wirel" {Will+ Int+2 Archmagi}
   (You found it on level 3 of the Dungeon)

   Int:       It affects your intelligence (+2).
   Archmagi:  It increases the power of your magical spells.
   Will:      It increases your willpower.
Jewellery
 o - a ring of see invisible (left hand)
 r - a +6 ring of strength (right hand)
Scrolls
 b - a scroll of identify
 f - a scroll of teleportation
 n - a scroll of fear
 u - 2 scrolls of amnesia
Potions
 d - a potion of might
 h - a potion of mutation {unknown}
 j - a potion of attraction
 k - 2 potions of curing
 l - a potion of flight
 p - a potion of invisibility
 t - a potion of haste {unknown}


   Skills:
 + Level 3.8 Fighting
 + Level 4.4 Long Blades
 + Level 0.7 Throwing
 + Level 4.5 Armour
 + Level 0.5 Dodging
 + Level 3.7 Shields


You had 5 spell levels left.
You didn't know any spells.
Your spell library contained the following spells:

 Spells                   Type           Power      Damage    Failure   Level
 Sublimation of Blood     Necr           0%         N/A       100%        2
 Wereblood                Tmut           0%         N/A       100%        2
 Fulminant Prism          Conj/Hex       0%         3d6       100%        4
 Iskenderun's Mystic Bla  Conj/Tloc      0%         2d3       100%        4
 Lee's Rapid Deconstruct  Erth           0%         3d5*      100%        5
 Summon Forest            Summ/Tloc      0%         N/A       100%        5
 Summon Mana Viper        Hex/Summ       0%         N/A       100%        5
 Summon Cactus Giant      Summ           0%         N/A       100%        6
 Summon Hydra             Summ           0%         N/A       100%        7


Dungeon Overview and Level Annotations

Branches:
Dungeon (4/15)             Temple (0/1) D:4         Ossuary (1/1)

Altars:

Shops:
D:1 (


Message History

You destroy the mummy!
You feel your intelligence returning.
Throw: boomerang
Press: ? - help, Q - select action Shift-Dir - straight line, f - hobgoblin zombie
Aim: a hobgoblin zombie (77% to hit)
You throw a boomerang.
The boomerang hits the hobgoblin zombie.
The hobgoblin zombie is severely damaged.
You hit the hobgoblin zombie.
You destroy the hobgoblin zombie!
Throw: boomerang
Press: ? - help, Q - select action Shift-Dir - straight line, f - orc zombie
Aim: an orc zombie (77% to hit)
You throw a boomerang. The boomerang hits the orc zombie!
You destroy the orc zombie!
Throw: boomerang
Press: ? - help, Q - select action Shift-Dir - straight line, f - mummy
Aim: a mummy (73% to hit)
You throw a boomerang.
The boomerang hits the mummy but does no damage.
You completely miss the mummy. The mummy closely misses you.
You hit the mummy but do no damage. The mummy misses you.
The mummy barely misses you.
You barely miss the mummy. The mummy hits you. You block the mummy's attack.
You barely miss the mummy. The mummy hits you. The mummy hits you!
You barely miss the mummy. The mummy barely misses you. The mummy hits you!
The mummy hits you.
A red film seems to cover your vision as you go berserk!
You feel yourself moving faster!
You feel mighty! The mummy hits you. The mummy hits you!
* * * LOW HITPOINT WARNING * * *
You hit the mummy.
The mummy is lightly damaged.
You block the mummy's attack.
You slash the mummy!
The mummy is almost destroyed.
The mummy hits you!
* * * LOW HITPOINT WARNING * * *
The mummy hits you!
You die...

...........
........#
......#
#....#
#....#
#....#
#....#
#MMM.#
#.@..#
#....#
#....#
#.∩∩.#
######


You could see 3 mummies.

Vanquished Creatures
  A scorpion (D:4)
  2 orc priests
  Jessica (D:2)
  A mummy (Ossuary)
  4 gnolls (D:3)
  2 adders
  A worm (D:3)
  3 dart slugs
  10 orcs
  2 ball pythons
  10 endoplasms
  2 giant cockroaches
  5 hobgoblins
  2 jackals (D:1)
  6 quokkas
  8 bats
  7 frilled lizards
  A gnoll zombie (Ossuary)
  11 goblins
  4 hobgoblin zombies (Ossuary)
  10 kobolds
  3 orc zombies (Ossuary)
  4 rats
100 creatures vanquished.

Notes
Turn   | Place    | Note
-------+----------+-------------------------------------------
     0 | D:1      | Anriel the Human Fighter began the quest for the Orb.
     0 | D:1      | Reached XP level 1. HP: 18/18 MP: 1/1
   110 | D:1      | Reached XP level 2. HP: 22/24 MP: 2/2
   162 | D:1      | Reached XP level 3. HP: 13/29 MP: 3/3
   655 | D:1      | Found Cynkiuh's Weapon Shoppe.
   786 | D:2      | Noticed Jessica
   815 | D:2      | Killed Jessica
   816 | D:2      | Reached XP level 4. HP: 29/35 MP: 4/4
  1436 | D:2      | Found a faded altar of an unknown god.
  1798 | D:3      | Reached XP level 5. HP: 36/41 MP: 5/5
  2777 | D:3      | Reached XP level 6. HP: 47/47 MP: 6/6
  2911 | D:3      | Identified the +1 robe "Wirel" {Will+ Int+2 Archmagi}
  3303 | D:4      | HP: 2/48 [poisoned by a scorpion]
  3571 | D:4      | Found a staircase to the Ecumenical Temple.
  3583 | D:4      | Found a sand-covered staircase.
  3592 | Ossuary  | Entered an ossuary
  3781 | Ossuary  | Slain by a mummy

Illustrated notes

Levels and vault maps discovered:
D:1:      scummos_arrival_simple_crosswalls, layout_rooms, serial_shops, shop
D:2:      layout_basic, ebering_ecumenical_altar_hall, minmay_hedge_maze,
          uniq_jessica
D:3:      layout_loops_ring, kennysheep_cross_bottleneck, kennysheep_minor_cross
D:4:      layout_cave_pools, minmay_temple_entry_proselytizer,
          nicolae_ossuary_entry_monument, nicolae_wooded_promenade, minmay_bent
Ossuary:  ossuary_tomb_3

Skill      XL: |  1  2  3  4  5  6 |
---------------+-------------------+-----
Long Blades    | 3 4 |  4.4
Armour         | 4 |  4.5
Fighting       | |  3.8
Throwing       | |  0.7
Dodging        | |  0.5
Shields        | |  3.7

Action                   |  1- 3 |  4- 6 || total
-------------------------+-------+-------++-------
Melee: Long sword        |   106 |   218 ||   324
Throw: Boomerang         |       |    43 ||    43
  Use: Potion            |       |     7 ||     7
       Scroll            |       |    10 ||    10
 Stab: Distracted        |       |     1 ||     1
Armor: Chain mail        |    58 |   121 ||   179
Dodge: Dodged            |    31 |    72 ||   103
Block: Buckler           |    14 |    48 ||    62
